 Dungeon Crawl Stone Soup version 0.26-a0-393-g67388ea477 (webtiles) character file.

Game seed: 1362744690429484622

61329 BeastOfSaturn the Prestidigitator (level 14, -11/111 HPs)
             Began as a Demonspawn Brigand on July 21, 2020.
             Was the Champion of Qazlal.
             Mangled by an orc knight
             ... wielding a +0 great sword
              (28 damage)
             ... on level 2 of the Orcish Mines on July 22, 2020.
             The game lasted 01:19:45 (21077 turns).

BeastOfSaturn the Prestidigitator (DsBr)           Turns: 21077, Time: 01:19:46

Health: -11/111    AC: 30    Str: 20    XL:     14   Next: 60%
Magic:  14/14      EV: 12    Int: 20    God:    Qazlal [******]
Gold:   1505       SH:  0    Dex: 16    Spells: 3/13 levels left

rFire    + + +     SeeInvis .   o - +3 Elemental Staff {rElec rF++ rC++ MR++ AC+5}
rCold    + + +     Faith    .   (no shield)
rNeg     . . .     Spirit   .   Z - +1 ring mail {MR+}
rPois    .         Reflect  .   (helmet restricted)
rElec    +         Harm     .   q - +1 cloak
rCorr    .                      E - +1 pair of gloves
MR       ++++.                  n - +4 pair of boots of Kemafiat {rC+ Slay+3}
Stlth    ..........             A - amulet of regeneration
HPRegen  2.68/turn              a - +6 ring of strength
MPRegen  0.14/turn              S - +6 ring of intelligence

@: confused, lethally poisoned (-11 -> -11), liquid flames, protected from
physical damage, glowing, repel missiles
A: antennae 1, molten scales 3, demonic guardian 1, powered by death 3
a: Upheaval, Elemental Force, Disaster Area, Renounce Religion


You were on level 2 of the Orcish Mines.
You worshipped Qazlal.
Qazlal was exalted by your worship.
You visited 4 branches of the dungeon, and saw 23 of its levels.
You also visited: Bailey.

You collected 2067 gold pieces.
You spent 562 gold pieces at shops.

Inventory:

Hand Weapons
 o - the +3 Elemental Staff (weapon) {rElec rF++ rC++ MR++ AC+5}
   (You found it on level 4 of the Dungeon)

   It affects your AC (+5).
   It greatly protects you from fire.
   It greatly protects you from cold.
   It insulates you from electricity.
   It affects your resistance to hostile enchantments.
Missiles
 d - 37 poisoned darts (quivered)
 e - 2 curare-tipped darts
 t - 8 atropa-tipped darts
Armour
 k - the +1 scale mail of Precision Catastrophes {*Slow +Fly rElec rCorr}
   (You found it on level 10 of the Dungeon)

   It insulates you from electricity.
   It lets you fly.
   It provides partial protection from all sources of acid and corrosion.
   It may slow you when you take damage.
 n - the +4 pair of boots of Kemafiat (worn) {rC+ Slay+3}
   (You bought it in a shop on level 2 of the Orcish Mines)

   It affects your accuracy and damage with ranged weapons and melee attacks
   (+3).
   It protects you from cold.
 q - a +1 cloak (worn)
 E - a +1 pair of gloves (worn)
 Z - a +1 ring mail of magic resistance (worn)
Jewellery
 a - a +6 ring of strength (left hand)
 A - an amulet of regeneration (around neck)
 S - a +6 ring of intelligence (right hand)
Wands
 s - a wand of flame (98)
 v - a wand of iceblast (3)
 z - a wand of random effects (29)
 C - a wand of disintegration (8)
 O - a wand of paralysis (18)
 R - a wand of enslavement (17)
 V - a wand of polymorph (23)
 Y - a wand of clouds (4)
Scrolls
 c - 7 scrolls of remove curse
 f - a scroll of acquirement
 g - 5 scrolls of enchant armour
 i - 2 scrolls of magic mapping
 m - 6 scrolls of teleportation
 p - 2 scrolls of identify
 u - a scroll of fear
 x - a scroll of brand weapon
 y - 4 scrolls of amnesia
 F - 2 scrolls of fog
 J - a scroll of enchant weapon
 U - 2 scrolls of random uselessness
Potions
 b - 10 potions of mutation
 h - a potion of stabbing
 j - 3 potions of lignification
 l - a potion of resistance
 r - 10 potions of curing
 w - 3 potions of cancellation
 B - 4 potions of flight
 D - 4 potions of ambrosia
 G - a potion of might
 H - 5 potions of magic
 I - a potion of berserk rage
 K - 3 potions of heal wounds
 N - 3 potions of degeneration {unknown}
 P - 4 potions of invisibility {unknown}
 T - 2 potions of brilliance {unknown}


   Skills:
 * Level 10.6 Fighting
   Level 4.7 Short Blades
 - Level 12.0 Staves
 - Level 1.7 Throwing
 - Level 10.0 Armour
 - Level 3.0 Dodging
 - Level 4.5 Stealth
 * Level 7.0 Conjurations
 * Level 6.9 Summonings
 - Level 6.0 Ice Magic
 * Level 13.2 Evocations


You had 3 spell levels left.
You knew the following spells:

 Your Spells              Type           Power        Failure   Level
a - Freeze                Ice            ####         2%          1
b - Summon Mana Viper     Hex/Summ       ##......     89%         5
c - Hailstorm             Conj/Ice       #####...     21%         4

Your spell library contained the following spells:

 Spells                   Type           Power        Failure   Level
 Frozen Ramparts          Ice            #####.       8%          3
 Ozocubu's Armour         Ice            #####...     8%          3
 Summon Ice Beast         Ice/Summ       #####...     21%         4
 Summon Demon             Summ           ####......   43%         5
 Summon Forest            Summ/Tloc      ##........   89%         5
 Shadow Creatures         Summ           N/A          95%         6
 Summon Hydra             Summ           ####......   100%        7


Dungeon Overview and Level Annotations

Branches:
Dungeon (14/15)            Temple (1/1) D:5            Lair (6/6) D:9
 Shoals (0/4) Lair:2        Snake (0/4) Lair:2        Slime (0/5) Lair:6
    Orc (2/2) D:9             Elf (0/3) Orc:2        Bailey (visited)
 Vaults: D:13-14

Altars:
Ashenzari
Cheibriados
Dithmenos
Elyvilon
Fedhas
Gozag
Hepliaklqana
Kikubaaqudgha
Makhleb
Nemelex Xobeh
Qazlal
Ru
Trog
Uskayaw
Vehumet
Wu Jian
Xom
Yredelemnul
Zin
The Shining One
Beogh

Shops:
D:13 [   Orc:2 :?*

Annotations:
D:2 Sigmund
D:5 3 runed translucent doors, erthbison's ghost, novice GrFi
D:12 Jorgrun
Lair:5 2 transporters, Xeugap's ghost, journeyman VSWn


Innate Abilities, Weirdness & Mutations

You have a pair of small antennae on your head.
You are completely covered in molten scales. (AC +4, rF+)
A weak demonic guardian rushes to your aid.
You regenerate a lot of health from kills.


Message History

Things that are here:
a +0 dire flail; a +0 leather armour
Things that are here:
a +0 dire flail; a +0 leather armour Really quaff the potion of mutation?
Okay, then.
Things that are here:
a +0 dire flail; a +0 leather armour You are confused.
You feel invigorated.
You feel sick.
Your ufetubus hits the orc knight but does no damage.
Your ufetubus hits the orc knight.
The orc warrior hits you with a +0 flail of venom.
* * * LOW HITPOINT WARNING * * *
You are more poisoned.
The smoke demon gestures at you.
The sticky flame hits you but does no damage.
You are covered in liquid flames!
The orc knight hits you with a +0 great sword!!
You die...

...#...##
.#....##{ .#o#
.....## ..o.##
)#..## .....#
.....##{{ o...#
.#.)).##{ ##3#.#
..)#)).## ##§..#
.)).).).## ##o○)#
#))###...## ##.°@#
##).###)..###).o##
###).###...#..5##
)###))###.#o#.##
).###..###...##
)).###).###.##
)...###..####
#....###..#### .
......##...#.# ..


You could see 2 orc knights, a smoke demon, 2 orc warriors, 2 orc priests and a
friendly ufetubus (summoned).

Vanquished Creatures
  Snorg (Lair:5)
  An ice dragon (Lair:4)
  3 hydras
  Fannar (D:12)
  4 two-headed ogres
  An anaconda (Lair:6)
  Erica (D:8)
  A tengu warrior (D:13)
  3 orc high priests
  A sun demon (Orc:2)
  3 unseen horrors (D:13)
  3 orc knights
  Pikel (D:4)
  4 orc sorcerers
  An oklob plant (Lair:6)
  An ugly thing (D:13)
  A cyclops (D:14)
  A manticore (D:11)
  A deep elf mage (D:13)
  6 black mambas
  Joseph (D:8)
  11 elephants
  Psyche (D:7)
  A gargoyle (D:11)
  11 cane toads
  2 torpor snails (Lair:6)
  An efreet (D:13)
  Maggie (D:8)
  A hellwing (Orc:2)
  6 komodo dragons
  A queen bee (D:9)
  5 polar bears
  A hornet (D:10)
  Grinder (D:3)
  10 hippogriffs
  7 blink frogs
  2 vampires
  2 wraiths (D:11)
  4 wyverns
  A ynoxinul (Orc:2)
  Eustachio (D:5)
  5 basilisks
  30 yaks
  A neqoxec (Orc:2)
  6 vampire mosquitoes (D:13)
  3 wargs
  2 acid dragons
  5 water moccasins
  11 porcupines
  A soldier ant (D:13)
  24 orc warriors
  Duvessa (D:5)
  4 black bears
  3 eyes of draining
  A sky beast (D:10)
  4 ice beasts
  4 ogres
  2 phantoms
  A necrophage (D:10)
  27 wolves
  10 centaurs
  9 crocodiles
  An elf zombie (D:8)
  3 big kobolds
  7 bullfrogs
  Dowan (D:5)
  A scorpion (D:9)
  31 killer bees
  10 wights
  A howler monkey (D:13)
  2 quasits
  2 bullfrog zombies
  4 centaur zombies
  A human zombie (D:8)
  3 jellies
  5 centaur skeletons
  29 orc priests
  2 bullfrog skeletons
  7 hounds
  Jessica (D:3)
  Ijyb (D:3)
  A human skeleton (D:8)
  4 iguanas
  11 orc wizards
  9 worker ants
  2 hound zombies
  3 hound skeletons
  A howler monkey zombie (D:3)
  A worker ant zombie (D:3)
  Robin (D:2)
  20 gnolls
  13 adders
  3 white imps
  2 ufetubi (D:9)
  4 oozes
  2 adder zombies
  2 adder skeletons
  6 worms
  4 dart slugs
  7 leopard geckos
  54 orcs
  A ball python (D:5)
  2 giant cockroaches (D:3)
  13 goblins
  25 hobgoblins
  7 jackals
  27 kobolds
  5 quokkas
  8 bats
  5 frilled lizards
  2 jackal skeletons
  A jackal zombie (D:3)
  A leopard gecko skeleton (D:7)
  3 orc skeletons (D:8)
  A quokka skeleton (D:5)
  7 rats
  A fungus (Lair:4)
  A plant (Lair:6)
636 creatures vanquished.

Vanquished Creatures (collateral kills)
  A hydra (Lair:6)
  An orc high priest (Orc:1)
  An oklob plant (Lair:6)
  A cyclops (D:13)
  A cane toad (Lair:2)
  A komodo dragon (Lair:1)
  2 blink frogs
  A yak (Lair:3)
  A vampire mosquito (D:13)
  A porcupine (D:9)
  An orc warrior (D:5)
  2 black bears
  A necrophage (D:7)
  A phantom (D:4)
  3 wolves
  A lemure (D:4)
  A bullfrog (Lair:5)
  2 killer bees
  2 wights
  A howler monkey (D:4)
  A hound (D:11)
  A gnoll shaman (D:7)
  A bullfrog skeleton (D:4)
  A hound zombie (D:9)
  A leopard gecko (D:3)
  5 orcs
  A hobgoblin (D:3)
  A jackal (D:3)
  A giant cockroach zombie (D:3)
  A kobold (D:8)
  A rat (D:3)
41 creatures vanquished.

Vanquished Creatures (others)
  An orc warrior (D:13)
  A centaur (D:12)
  An orc (Orc:2)
  3 bushes (Lair:1)
  9 fungi
  7 plants
22 creatures vanquished.

Grand Total: 699 creatures vanquished

Notes
Turn   | Place    | Note
-------+----------+-------------------------------------------
     0 | D:1      | BeastOfSaturn the Demonspawn Brigand began the quest for
                  | the Orb.
     0 | D:1      | Reached XP level 1. HP: 16/16 MP: 1/1
   134 | D:1      | Reached skill level 1 in Dodging
   223 | D:1      | Gained mutation: You are partially covered in molten
                  | scales. (AC +2) [demonic ancestry]
   223 | D:1      | Reached XP level 2. HP: 22/22 MP: 2/2
   905 | D:1      | Gained mutation: You regenerate a little health from kills.
                  | [demonic ancestry]
   905 | D:1      | Reached XP level 3. HP: 27/27 MP: 3/3
  1795 | D:2      | Noticed Robin
  1871 | D:2      | Killed Robin
  1871 | D:2      | Reached XP level 4. HP: 33/34 MP: 4/4
  1929 | D:2      | Noticed Sigmund
  2455 | D:3      | Gained mutation: A weak demonic guardian rushes to your
                  | aid. [demonic ancestry]
  2455 | D:3      | Reached XP level 5. HP: 27/39 MP: 5/5
  2684 | D:3      | Noticed Ijyb
  2768 | D:3      | Killed Ijyb
  2856 | D:3      | Found a glowing golden altar of the Shining One.
  2857 | D:3      | Noticed Grinder
  2882 | D:3      | Paralysed by Grinder for 7 turns
  2896 | D:3      | Killed Grinder
  2896 | D:3      | Reached XP level 6. HP: 35/47 MP: 6/6
  2898 | D:3      | Upgraded the game from 0.26-a0-388-gf3277c4969 to
                  | 0.26-a0-393-g67388ea477
  2922 | D:3      | Found a glowing silver altar of Zin.
  2924 | D:3      | Found an ornate altar of the Wu Jian Council.
  3205 | D:3      | Noticed Jessica
  3219 | D:3      | Killed Jessica
  3600 | D:4      | Found the +3 Elemental Staff {rElec rF++ rC++ MR++ AC+5}
  3755 | D:3      | Gained mutation: You regenerate health from kills. [demonic
                  | ancestry]
  3755 | D:3      | Reached XP level 7. HP: 13/53 MP: 7/7
  3974 | D:4      | Reached skill level 1 in Armour
  4017 | D:4      | Reached skill level 1 in Staves
  4305 | D:4      | Noticed Pikel
  4328 | D:4      | Killed Pikel
  4749 | D:5      | Entered Level 5 of the Dungeon
  4776 | D:5      | Reached XP level 8. HP: 54/61 MP: 8/8
  4803 | D:5      | Noticed Eustachio
  4908 | D:5      | Killed Eustachio
  5123 | D:5      | Found a snail-covered altar of Cheibriados.
  5149 | D:5      | Noticed Duvessa
  5151 | D:5      | Noticed Dowan
  5167 | D:5      | Killed Duvessa
  5191 | D:5      | Killed Dowan
  5196 | D:5      | Reached skill level 5 in Fighting
  5438 | D:5      | Found a staircase to the Ecumenical Temple.
  5470 | Temple   | Entered the Ecumenical Temple
  5520 | Temple   | Became a worshipper of Qazlal Stormbringer
  5628 | D:5      | Noticed erthbison's ghost (novice GrFi)
  5629 | D:5      | Identified the +4 whip of Pasewkac {elec, rC- rN+ Dex+3}
  5629 | D:5      | Identified the +1 leather armour of the Cricket {Str+6}
  5634 | D:5      | Found a runed translucent gate.
  5634 | D:5      | Found a runed translucent gate.
  5634 | D:5      | Found a runed translucent gate.
  5635 | D:5      | Found a roughly hewn altar of Beogh.
  6097 | D:6      | Reached skill level 5 in Staves
  6659 | D:6      | Reached XP level 9. HP: 62/68 MP: 9/9
  7576 | D:7      | Found an opulent altar of Gozag.
  7623 | D:7      | Reached skill level 5 in Armour
  7916 | D:7      | Reached * piety under Qazlal
  8792 | D:8      | Noticed Erica
  8986 | D:8      | Noticed Joseph
  9025 | D:8      | Killed Joseph
  9055 | D:8      | Found a sacrificial altar of Ru.
  9113 | D:8      | Noticed Maggie
  9133 | D:8      | Noticed Psyche
  9161 | D:7      | Paralysed by Psyche for 2 turns
  9169 | D:7      | Killed Psyche
  9190 | D:8      | Killed Erica
  9190 | D:8      | Reached skill level 1 in Evocations
  9190 | D:8      | Gained mutation: You are mostly covered in molten scales.
                  | (AC +3) [demonic ancestry]
  9190 | D:8      | Reached XP level 10. HP: 62/77 MP: 10/10
  9208 | D:8      | Killed Maggie
  9252 | D:8      | Reached ** piety under Qazlal
  9704 | D:8      | Reached skill level 2 in Evocations
  9848 | D:9      | Found a shattered altar of Ashenzari.
 10209 | D:9      | Reached *** piety under Qazlal
 10262 | D:9      | Reached skill level 3 in Evocations
 10271 | D:9      | Found a staircase to the Lair.
 10310 | D:9      | Found a staircase to the Orcish Mines.
 10332 | D:9      | Gained mutation: You regenerate a lot of health from kills.
                  | [demonic ancestry]
 10332 | D:9      | Reached XP level 11. HP: 78/84 MP: 11/11
 10989 | Lair:1   | Entered Level 1 of the Lair of Beasts
 10989 | Lair:1   | Found a snail-covered altar of Cheibriados.
 11232 | Lair:1   | Reached skill level 10 in Staves
 11258 | Lair:1   | Noticed a seven-headed hydra
 11265 | Lair:1   | Killed a seven-headed hydra
 11447 | Lair:1   | Learned a level 1 spell: Freeze
 12183 | Lair:2   | Reached skill level 1 in Ice Magic
 12250 | Lair:2   | Found a staircase to the Snake Pit.
 12261 | Lair:2   | Reached **** piety under Qazlal
 12298 | Lair:2   | Reached skill level 4 in Evocations
 12420 | Lair:2   | Identified a scroll of acquirement
 12420 | Lair:2   | Acquired a manual of Evocations
 12629 | Lair:2   | Found an ornate altar of the Wu Jian Council.
 12929 | Lair:2   | Found a staircase to the Shoals.
 13186 | Lair:3   | Reached skill level 10 in Armour
 13309 | Lair:3   | Reached XP level 12. HP: 75/91 MP: 12/12
 13521 | Lair:3   | Reached skill level 5 in Evocations
 13934 | Lair:3   | Reached skill level 6 in Evocations
 14232 | Lair:4   | Reached skill level 7 in Evocations
 14309 | Lair:4   | Found a hide-covered altar of Uskayaw.
 14774 | Lair:4   | Noticed an ice dragon
 14789 | Lair:4   | Killed an ice dragon
 14789 | Lair:4   | Reached skill level 8 in Evocations
 14937 | Lair:5   | Reached skill level 5 in Ice Magic
 14944 | Lair:4   | Reached skill level 9 in Evocations
 14957 | Lair:5   | Noticed a seven-headed hydra
 14978 | Lair:4   | Reached ***** piety under Qazlal
 14980 | Lair:4   | Killed a seven-headed hydra
 14982 | Lair:4   | Reached skill level 10 in Evocations
 15072 | Lair:5   | Learned a level 5 spell: Summon Mana Viper
 15077 | Lair:5   | Learned a level 4 spell: Hailstorm
 15103 | Lair:5   | Identified the cursed +1 demon trident of Sisokh {speed,
                  | +Rage}
 15111 | Lair:5   | Found a bloodstained altar of Trog.
 15112 | Lair:5   | Noticed Xeugap's ghost (journeyman VSWn)
 15112 | Lair:5   | Identified the +3 trident of Dim Light {vamp, rPois rF-
                  | Str+5 Dex+4}
 15118 | Lair:5   | Found a transporter.
 15131 | Lair:5   | Found a transporter.
 15135 | Lair:5   | Noticed Snorg
 15145 | Lair:5   | Killed Snorg
 15145 | Lair:5   | Reached skill level 1 in Conjurations
 15145 | Lair:5   | Reached skill level 1 in Summonings
 15486 | Lair:6   | Entered Level 6 of the Lair of Beasts
 15498 | Lair:6   | Gained mutation: You are completely covered in molten
                  | scales. (AC +4, rF+) [demonic ancestry]
 15498 | Lair:6   | Reached XP level 13. HP: 65/96 MP: 13/13
 15588 | Lair:6   | Found a staircase to the Slime Pits.
 15681 | Lair:6   | Reached skill level 11 in Evocations
 16037 | Lair:6   | Reached skill level 12 in Evocations
 16493 | Lair:6   | Noticed a dire elephant
 16493 | Lair:6   | Noticed a dire elephant
 16505 | Lair:6   | Noticed a dire elephant
 16508 | Lair:6   | Noticed a dire elephant
 16511 | Lair:6   | Noticed a dire elephant
 16876 | D:10     | Entered Level 10 of the Dungeon
 16883 | D:10     | Reached skill level 5 in Conjurations
 16909 | D:10     | Got a twisted scale mail
 16920 | D:10     | Identified the +1 scale mail of Precision Catastrophes
                  | {*Slow +Fly rElec rCorr} (You found it on level 10 of the
                  | Dungeon)
 17039 | D:10     | Found a burning altar of Makhleb.
 17216 | D:10     | Reached skill level 5 in Summonings
 17919 | D:11     | You fall into a shaft and drop 3 floors!
 18101 | D:13     | Found a white marble altar of Elyvilon.
 18183 | D:13     | Gained mutation: You have a pair of small antennae on your
                  | head. [demonic ancestry]
 18183 | D:13     | Reached XP level 14. HP: 105/105 MP: 14/14
 18213 | D:13     | Reached ****** piety under Qazlal
 18300 | D:13     | Found Muplyowent's Antique Armour Shoppe.
 18488 | D:13     | Reached skill level 13 in Evocations
 18827 | D:12     | Noticed Fannar
 18840 | D:12     | Killed Fannar
 18858 | D:12     | Noticed Jorgrun
 18913 | D:11     | Found a hazy altar of Hepliaklqana.
 19583 | Orc:1    | Entered Level 1 of the Orcish Mines
 20032 | Orc:1    | Found a flagged portal.
 20041 | Bailey   | Entered a bailey
 20541 | Orc:1    | Found a roughly hewn altar of Beogh.
 20630 | Orc:2    | Entered Level 2 of the Orcish Mines
 20680 | Orc:2    | Reached skill level 10 in Fighting
 20725 | Orc:2    | Found Xedizyo's Book Emporium.
 20776 | Orc:2    | Found a staircase to the Elven Halls.
 20830 | Orc:2    | Found Ufintiul's General Store.
 20837 | Orc:2    | Found Jioq's Magic Scroll Shoppe.
 20895 | Orc:2    | Bought the +4 pair of boots of Kemafiat {rC+ Slay+3} for
                  | 562 gold pieces
 21077 | Orc:2    | Mangled by an orc knight

Illustrated notes

Levels and vault maps discovered:
D:1:      giann_wishing_wells, layout_loops_corners, minmay_ruptured
D:2:      layout_loops_cross, minmay_misc_feat_rows, uniq_robin, uniq_sigmund
D:3:      layout_rooms, grunt_temple_overflow_open, serial_undead,
          serial_undead_c, serial_undead_a, serial_undead_f, serial_undead_b,
          serial_undead_c, serial_undead_c, serial_undead_f, serial_undead_e,
          serial_undead_b, serial_undead_f, uniq_ijyb, uniq_jessica,
          uniq_grinder
D:4:      layout_layer_cave, uniq_pikel
D:5:      layout_loops_ring, cheibriados_altar_1, minmay_temple_entry_statues,
          biasface_ghost_orc_armoury, minmay_liquid_box, uniq_duvessa,
          uniq_eustachio
D:6:      layout_basic, kennysheep_boxes
D:7:      layout_rooms, nicolae_gozag_seed_capital
D:8:      layout_rooms, nicolae_overflow_hidden_temple,
          nicolae_ossuary_entry_catacombs, nicolae_ru_awakened_eye, uniq_maggie,
          uniq_erica, uniq_joseph, uniq_psyche
D:9:      layout_layer_cave, kennysheep_mini, minmay_lair_entry_grove,
          orc_0_dummy, minivault_7
D:10:     layout_loops_corners, lemuel_statue_altar
D:11:     layout_loops_cross, basic_altar, minmay_misc_feat_plants,
          minmay_diced_spiral
D:12:     layout_layer_cave, portal_ice_cave_demonic_guard, uniq_fannar,
          uniq_jorgrun
D:13:     layout_rooms, grunt_vaults_entry_fortified, basic_altar, serial_shops,
          shop
D:14:     layout_roguey, hangedman_decor_lopped, grunt_ministairs_2,
          chequers_serial_rivers_marsh
Temple:   nicolae_temple_god_jail
Lair:1:   layout_misc_corridors, serial_forest, infiniplex_forest_3_way,
          infiniplex_forest_end_double, infiniplex_forest_lined_room_,
          infiniplex_forest_lined_room_, infiniplex_forest_clump_tiny,
          infiniplex_forest_clump_long, special_room, basic_altar
Lair:2:   layout_roguey, elwin_shoals_entry_rooms, dummy_snake_entry,
          basic_altar
Lair:3:   layout_concentric_octagons
Lair:4:   dragon1_lemuel, layout_loops_ring, basic_altar,
          chequers_serial_rivers_micro_c
Lair:5:   layout_cave_shapes, gammafunk_ghost_wrathful_warriors,
          nicolae_quartered_pool_super, uniq_snorg
Lair:6:   due_jungle_book, layout_big_grid, minmay_slime_entry_oklob_open
Orc:1:    layout_caves, enter_bailey_8, minmay_orc_temple_c
Orc:2:    pf_orc_diabolical, layout_caves, serial_shops, shop,
          nicolae_orc_stony_grotto

Skill      XL: |  1  2  3  4  5  6  7  8  9 10 11 12 13 14 |
---------------+-------------------------------------------+-----
Dodging        | 1 2 3 |  3.0
Short Blades   | 2 3 4 |  4.7
Stealth        | 4 |  4.5
Fighting       | 3 4 5 6 7 8 10 | 10.6
Armour         | 3 4 6 8 10 | 10.0
Staves         | 2 5 7 9 11 12 | 12.0
Evocations     | 1 3 4 10 12 13 | 13.2
Ice Magic      | 2 6 |  6.0
Conjurations   | 1 6 7 |  7.0
Summonings     | 1 6 |  6.9
Throwing       | |  1.7

Action                   |  1- 3 |  4- 6 |  7- 9 | 10-12 | 13-15 || total
-------------------------+-------+-------+-------+-------+-------++-------
Melee: Dagger            |   154 |   329 |       |       |       ||   483
       Staff             |       |    37 |   858 |  1061 |   945 ||  2901
Throw: Dart              |     2 |       |       |       |       ||     2
Evoke: Wand              |       |       |       |     7 |       ||     7
  Use: Scroll            |       |     5 |     5 |     9 |    16 ||    35
       Potion            |       |       |       |       |     7 ||     7
 Stab: Sleeping          |     5 |       |       |       |       ||     5
       Distracted        |       |       |     6 |    11 |     7 ||    24
       Invisible         |       |       |     2 |       |       ||     2
Armor: Robe              |    32 |     1 |       |       |       ||    33
       Chain mail        |       |   349 |   840 |   785 |   279 ||  2253
       Skin              |       |       |       |       |     2 ||     2
       Ring mail         |       |       |       |       |   102 ||   102
       Acid dragon scale |       |       |       |       |    61 ||    61
Dodge: Dodged            |    71 |   128 |   363 |   381 |   347 ||  1290
       Repelled          |       |       |       |       |     7 ||     7
Block: Other             |       |       |    20 |   192 |   291 ||   503

Table legend: (Time is in decaauts)
 A = Elapsed time spent in this place.
 B = Non-inter-level travel time spent in this place.
 C = Inter-level travel time spent in this place.
 D = Time resting spent in this place.
 E = Time spent auto-exploring this place.
 F = Levels seen in this place.
 G = Mean time per level.
                   A        B        C        D        E       F      G
               +--------+--------+--------+--------+--------+-----+--------+
         Total |  20327 |  19712 |    615 |   2154 |  11464 |  24 |  847.0 |
       Dungeon |  13287 |  12941 |    346 |   1758 |   7497 |  14 |  949.1 |
        Temple |     66 |     50 |     16 |      0 |      0 |   1 |   66.0 |
          Lair |   5620 |   5368 |    252 |    396 |   3452 |   6 |  936.7 |
  Orcish Mines |   1104 |   1104 |      0 |      0 |    434 |   2 |  552.0 |
        Bailey |    248 |    248 |      0 |      0 |     81 |   1 |  248.0 |
               +--------+--------+--------+--------+--------+-----+--------+

Top non-repeatable levels by time:
     D:6: 1688 daAuts
     D:5: 1406 daAuts
     D:2: 1325 daAuts
     D:3: 1315 daAuts
     D:9: 1165 daAuts
  Lair:1: 1088 daAuts
  Lair:6: 1074 daAuts
  Lair:2: 1061 daAuts
     D:1: 1024 daAuts
     D:4: 1022 daAuts
     D:7: 974 daAuts
  Lair:3: 922 daAuts
    D:10: 916 daAuts
  Lair:4: 871 daAuts
     D:8: 826 daAuts
